AoeStats
← SvS LaMorba

Arena

505398342Analyzed
4v4 RM · 21d ago on Sep 9, 2026· 57m 59s· 8 players
Game mode
Random Map
Map size
Large (8 player)
Population
200
Speed
Normal
Resources
Standard
Victory
Conquest
Starting age
Dark Age
Ending age
Imperial Age
RankedLock teamsTeams togetherTeam positionsShared explorationLock speedFull tech treeHidden civsTurbo modeCheats
Victory
Defeat
🇦🇷 Burgundians · Argentina
1408
+15
🇦🇷 Turks · Argentina
1406
+16
🇦🇷 Poles · Argentina
1393
+16
🇦🇷 Celts · Argentina
1320
+19
🇯🇵 Turks · Japan
1422
-18
1414
-17
🇹🇼 Cumans · Taiwan
1413
-17
🇨🇳 Hindustanis · China
1328
-14
SvS Zaoh
8:33 Double-Bit Axe
8:31 Horse Collar
11:15 Feudal Age
12:32 Bow Saw
12:24 Heavy Plow
16:24 Gold Mining
21:56 Wheelbarrow
22:12 Gold Shaft Mining
24:40 Stone Mining
25:46 Hand Cart
28:42 Castle Age
31:39 Burgundian Vineyards
33:11 Crop Rotation
35:00 Scale Barding Armor
36:03 Coinage
37:39 Two-Man Saw
40:01 Imperial Age
37:53 Chain Barding Armor
37:43 Husbandry
37:37 Cavalier
39:11 Stone Shaft Mining
38:57 Loom
40:41 Forging
41:20 Plate Barding Armor
40:18 Paladin
41:26 Squires
41:14 Arson
41:31 Scale Mail Armor
42:08 Iron Casting
42:38 Fervor
44:23 Chain Mail Armor
45:09 Blast Furnace
45:53 Plate Mail Armor
48:12 Fletching
49:12 Bodkin Arrow
49:46 Conscription
49:48 Town Watch
50:05 Bracer
50:09 Padded Archer Armor
54:36 Banking
54:38 Caravan
SvS Smolf
10:05 Feudal Age
13:33 Castle Age
13:38 Loom
25:58 Imperial Age
24:49 Scale Barding Armor
24:55 Forging
26:06 Husbandry
26:16 Bloodlines
47:59 Wheelbarrow
47:10 Town Watch
47:11 Double-Bit Axe
47:08 Horse Collar
47:24 Stone Mining
47:25 Gold Mining
47:43 Artillery
48:43 Elite Janissary
49:28 Heavy Plow
50:04 Gold Shaft Mining
49:55 Town Patrol
50:12 Bow Saw
50:38 Gold Shaft Mining
50:21 Hand Cart
51:33 Bombard Tower
53:44 Padded Archer Armor
56:30 Masonry
56:12 Treadmill Crane
56:54 Ballistics
57:33 Leather Archer Armor
SvS Sabach
13:33 Feudal Age
14:36 Double-Bit Axe
14:31 Horse Collar
14:47 Gold Mining
17:53 Castle Age
17:10 Scale Barding Armor
18:34 Bloodlines
20:21 Wheelbarrow
20:05 Szlachta Privileges
20:11 Husbandry
23:20 Chain Barding Armor
26:06 Forging
33:49 Iron Casting
41:17 Town Watch
41:45 Scale Mail Armor
42:24 Squires
45:55 Imperial Age
44:18 Hand Cart
45:01 Chain Mail Armor
45:12 Hand Cart
45:18 Hand Cart
45:22 Arson
47:07 Plate Mail Armor
46:59 Conscription
47:10 Cavalier
49:45 Stone Mining
51:37 Stone Shaft Mining
52:29 Loom
58:24 Blast Furnace
58:06 Caravan
SvS LaMorba
9:38 Loom
11:51 Feudal Age
16:07 Castle Age
17:20 Double-Bit Axe
26:20 Bow Saw
25:53 Horse Collar
28:16 Scale Mail Armor
27:40 Pikeman
31:02 Wheelbarrow
31:09 Heavy Plow
32:10 Chain Mail Armor
33:39 Fortified Wall
33:42 Masonry
39:16 Imperial Age
38:40 Gold Mining
39:58 Forging
39:28 Capped Ram
40:57 Fletching
41:09 Siege Ram
42:52 Conscription
43:15 Plate Mail Armor
43:37 Halberdier
44:39 Arson
47:10 Hand Cart
50:18 Heavy Scorpion
52:29 Bodkin Arrow
52:43 Siege Engineers
53:39 Chemistry
52:52 Caravan
55:22 Iron Casting
55:08 Furor Celtica
nanakusa
11:17 Feudal Age
12:42 Wheelbarrow
12:30 Double-Bit Axe
15:20 Castle Age
13:42 Horse Collar
14:56 Gold Mining
16:41 Loom
23:33 Bow Saw
32:34 Hand Cart
32:48 Heavy Plow
39:09 Stone Mining
39:55 Gold Shaft Mining
48:28 Imperial Age
45:47 Town Watch
45:53 Fletching
46:04 Padded Archer Armor
46:46 Bodkin Arrow
47:45 Thumb Ring
47:53 Bloodlines
47:43 Husbandry
48:00 Leather Archer Armor
48:35 Ballistics
48:33 Heavy Cavalry Archer
50:00 Bracer
50:56 Parthian Tactics
51:26 Ring Archer Armor
54:17 Sipahi
feely
8:56 Feudal Age
9:39 Loom
9:41 Double-Bit Axe
9:38 Horse Collar
20:05 Castle Age
19:24 Wheelbarrow
19:24 Bloodlines
20:00 Scale Barding Armor
21:07 Bow Saw
21:16 Town Watch
24:04 Capped Ram
33:43 Imperial Age
31:40 Pikeman
32:50 Scale Mail Armor
40:17 Imperial Age
41:23 Chain Barding Armor
40:25 Cavalier
43:42 Plate Barding Armor
45:21 Forging
45:46 Gold Mining
46:46 Paladin
50:18 Conscription
54:08 Squires
八十万对六十万,优势在我
10:42 Feudal Age
15:11 Castle Age
14:55 Double-Bit Axe
15:03 Gold Mining
16:43 Bow Saw
16:52 Horse Collar
22:09 Loom
22:35 Fletching
24:41 Padded Archer Armor
26:55 Wheelbarrow
36:05 Bodkin Arrow
38:46 Hand Cart
44:41 Imperial Age
42:21 Stone Mining
43:06 Heavy Plow
45:07 Gold Shaft Mining
46:30 Bracer
46:46 Leather Archer Armor
48:46 Ring Archer Armor
50:04 Conscription
51:40 Chemistry
51:00 Ballistics
52:22 Two-Man Saw
825889483
10:07 Feudal Age
13:53 Castle Age
13:15 Double-Bit Axe
13:12 Horse Collar
22:29 Bloodlines
23:12 Loom
26:13 Scale Barding Armor
27:44 Husbandry
30:41 Wheelbarrow
30:54 Chain Barding Armor
33:34 Heavy Plow
34:38 Forging
42:37 Imperial Age
43:01 Iron Casting
42:55 Heavy Camel Rider
44:14 Plate Barding Armor
46:18 Fortified Wall
47:09 Chemistry
47:06 Light Cavalry
48:28 Padded Archer Armor
49:00 Bow Saw
50:24 Leather Archer Armor
53:47 Blast Furnace
Connection lost

Rejoining the realm…

Still unreachable

The connection could not be restored.

Session expired

The server has moved on; the page needs a fresh start.